 Dungeon Crawl Stone Soup version 0.30-a0-174-gbc10bd73c2 (webtiles) character file.

Game seed: 15092273935013577860

85 qw the Chopper (level 4, -2/28 HPs)
             Began as a Gargoyle Fighter on Oct 1, 2022.
             Slain by an orc
             ... wielding a +2 vorpal war axe
              (7 damage)
             ... on level 3 of the Dungeon.
             The game lasted 00:00:45 (1899 turns).

qw the Chopper (Gargoyle Fighter)                   Turns: 1899, Time: 00:00:46

Health: -2/28      AC: 12    Str: 20 (22) XL:     4   Next: 48%
Magic:  4/4        EV:  7    Int:  5 (8)  God:
Gold:   187        SH:  4    Dex:  6 (9)  Spells: 3/3 levels left

rFire   . . .      SeeInvis .    Y - +0 war axe
rCold   . . .      Faith    .    c - +0 buckler
rNeg    + . .      Spirit   .    e - +0 chain mail
rPois   inf        Reflect  .    (no helmet)
rElec   +          Harm     .    (no cloak)
rCorr   +          Rampage  .    (no gloves)
Will    .....                    (no boots)
Stlth   ..........               (no amulet)
HPRegen 0.24/turn                f - ring of resist corrosion
MPRegen 0.09/turn                (no ring)

@: no status effects
A: sickness immunity, AC +3, negative energy resistance 1, electricity
resistance, torment resistance 1, petrification resistance
a: no special abilities


You were on level 3 of the Dungeon.
You visited 1 branch of the dungeon, and saw 3 of its levels.

You collected 187 gold pieces.


Innate Abilities, Weirdness & Mutations

You are immune to sickness and miasma.
Your stone body is resilient. (AC +3)
You are immune to poison.
You resist negative energy. (rN+)
You are resistant to electric shocks. (rElec)
You are resistant to unholy torment.
You are immune to petrification.


   Skills:
 - Level 3.2 Fighting
 + Level 4.1 Axes
 - Level 3.2 Armour
 - Level 3.2 Shields


You had 3 spell levels left.
You didn't know any spells.
Your spell library was empty.

Inventory:

Hand Weapons
 n - a +0 whip
 Y - a +0 war axe (weapon)
Armour
 c - a +0 buckler (worn)
 e - a +0 chain mail (worn)
Jewellery
 f - a ring of resist corrosion (left hand)
Scrolls
 l - a scroll of identify
Potions
 a - a potion of brilliance {unknown}
 d - a potion of might
 j - a potion of curing
 k - a potion of ambrosia {unknown}
 o - a potion of haste {unknown}

Dungeon Overview and Level Annotations

Branches:
Dungeon (3/15)

Altars:
Fedhas


Message History

Enter note:
Enter note: You open the door.
Found a blossoming altar of Fedhas.
There is an open door here.
You now have 187 gold pieces (gained 10).
You open the door.
There is an open door here.
You open the door.
There is an open door here.
You open the door.
Found a stone staircase leading down.
An orc priest and an orc come into view.
The orc priest is wielding a +0 vorpal mace.
The orc is wielding a +2 vorpal war axe.
The orc priest shouts!
The orc shouts!
You hear a shout!
An orc comes into view. It is wielding a +0 club.
You hear a shout!
There is an open door here.
1891 ||| Stepping ~*~*~tactically~*~*~ (hiding).
You start waiting.
There are monsters nearby!
You closely miss the orc.
The orc priest calls down the wrath of Beogh upon you.
Beogh smites you!
Ouch! That really hurt!
The orc closely misses you.
You barely miss the orc. You closely miss the orc.
The orc hits you with a +2 vorpal war axe!
The orc hits you but does no damage.
You hit the orc.
The orc is moderately wounded.
The orc completely misses you.
You closely miss the orc.
The orc is moderately wounded.
The orc barely misses you.
The orc priest invokes the aid of Beogh against you.
Pain shoots through your body!
The orc hits you with a +2 vorpal war axe!
You die...

#.# #.# #.# #.#
####+###+###+###
#..#.......#..#######
####..#.......#..#.....#
...+..'###+###'.ooo....#
...#..#.'...'.#.@#..>..#
...#..#.#...#.#..#.....#
...'##+.#._.#.+##+.....#
...#..#.#...#.# ..oo.#
...#..#.+...+.# .....+
...+..+###+###+ .....#
####..# ..o..# ..# ##+


You could see an orc priest and 2 orcs.

Vanquished Creatures
  3 adders (D:2)
  A dart slug (D:3)
  4 endoplasms
  4 giant cockroaches (D:1)
  8 goblins
  9 hobgoblins
  6 ball pythons
  3 bats
  2 frilled lizards
  7 kobolds
  5 rats (D:1)
52 creatures vanquished.

Notes
Turn   | Place    | Note
-------+----------+-------------------------------------------
     0 | D:1      | qw the Gargoyle Fighter began the quest for the Orb.
     0 | D:1      | Reached XP level 1. HP: 14/14 MP: 1/1
     0 | D:1      | 0 ||| qw: Version: 0.2-a-13-gfc7b4b4
     0 | D:1      | 0 ||| qw: Game counter: 1907
     0 | D:1      | 0 ||| qw: Always use a shield: true
     0 | D:1      | 0 ||| qw: God list: Okawaru
     0 | D:1      | 0 ||| qw: Allow faded altars: false
     0 | D:1      | 0 ||| qw: Do Orc after D:15 true
     0 | D:1      | 0 ||| qw: Do second Lair branch before Depths: true
     0 | D:1      | 0 ||| qw: Lair rune preference: random
     0 | D:1      | 0 ||| qw: Plans: Normal, Zot:1-4, God:TSO, Crypt, Tomb,
                  | Pan, Slime:5, Hells, Abyss, Orb
     0 | D:1      | 0 ||| PLANNING D:1-11
    42 | D:1      | Reached skill level 2 in Axes
    52 | D:1      | Reached XP level 2. HP: 13/19 MP: 2/2
   234 | D:1      | You fall into a shaft and drop 1 floor!
   312 | D:2      | Reached skill level 3 in Axes
   375 | D:2      | Reached XP level 3. HP: 23/23 MP: 3/3
   388 | D:2      | 388 ||| READING scroll labelled KICVAUTZ PACVA.
   918 | D:1      | 918 ||| DROPPING +2 leather armour of willpower.
   919 | D:1      | 919 ||| READING scroll labelled QAERITEVUFA.
   923 | D:1      | 923 ||| READING scroll labelled QACHAU BOAB.
  1295 | D:2      | Reached XP level 4. HP: 26/28 MP: 4/4
  1300 | D:2      | Reached skill level 4 in Axes
  1304 | D:2      | 1304 ||| Stepping ~*~*~tactically~*~*~ (stealth).
  1340 | D:2      | 1340 ||| DROPPING +0 club.
  1660 | D:2      | 1660 ||| UPGRADING to +0 chain mail.
  1670 | D:2      | 1670 ||| DROPPING +0 scale mail.
  1671 | D:2      | 1671 ||| UPGRADING to ring of resist corrosion.
  1672 | D:2      | 1672 ||| READING scroll labelled BOKLOR EMEKHLO.
  1673 | D:2      | 1673 ||| READING scroll labelled OHEIRCHELL.
  1693 | D:2      | 1693 ||| READING scroll labelled CEMAUBOUCY.
  1694 | D:2      | 1694 ||| READING scroll labelled FYTOTYTHROA.
  1695 | D:2      | 1695 ||| DRINKING 3 orange potions.
  1696 | D:2      | 1696 ||| DRINKING 2 metallic inky potions.
  1697 | D:2      | 1697 ||| DROPPING 2 potions of degeneration.
  1719 | D:3      | 1719 ||| STAIRDANCE
  1876 | D:3      | Found a blossoming altar of Fedhas.
  1891 | D:3      | 1891 ||| Stepping ~*~*~tactically~*~*~ (hiding).
  1897 | D:3      | HP: 7/28 [orc/+2 vorpal war axe (8)]
  1899 | D:3      | Slain by an orc

Levels and vault maps discovered:
D:1:      lemuel_arrival_funnel, layout_loops_ring
D:2:      cheibrodos_greedy_goblins, layout_basic, minmay_circled_x
D:3:      layout_basic, mainiacjoe_overflow_24_doors,
          lemuel_coloured_pillars_altar, gammafunk_ghost_arena

Skill      XL: |  1  2  3  4 |
---------------+-------------+-----
Axes           | 2 3 4 |  4.1
Fighting       | |  3.2
Armour         | |  3.2
Shields        | |  3.2

Action                   |  1- 3 |  4- 6 || total
-------------------------+-------+-------++-------
Melee: War axe           |   118 |    28 ||   146
  Use: Scroll            |     3 |     4 ||     7
       Potion            |       |     2 ||     2
Armor: Scale mail        |    61 |     8 ||    69
       Chain mail        |       |     5 ||     5
Dodge: Dodged            |    55 |    10 ||    65
Block: Buckler           |    21 |     5 ||    26

Table legend:
 A = Non-vault XP
 B = Vault XP
 C = Vault XP percentage of total XP
 D = Non-vault monster count
 E = Vault monster count
 F = Vault count percentage of total count
                 A         B        C        D         E       F
            +---------+---------+-------+---------+---------+-------
      Total |      75 |      47 |  38.5 |      39 |      13 |  25.0
            +---------+---------+-------+---------+---------+-------
        D:1 |      36 |       0 |   0.0 |      24 |       0 |   0.0
        D:2 |      32 |      47 |  59.5 |      12 |      13 |  52.0
        D:3 |       7 |       0 |   0.0 |       3 |       0 |   0.0
            +---------+---------+-------+---------+---------+-------
